 Dungeon Crawl Stone Soup version 0.31.0-12-g77e489cdc1 (webtiles) character file.

Game seed: 4606339467700723987

60 Arctor the Firebug (level 3, 0/19 HPs)
             Began as a Deep Elf Fire Elementalist on Feb 21, 2024.
             Slain by Sigmund
             ... wielding a +0 scythe
              (7 damage)
             ... on level 3 of the Dungeon.
             The game lasted 00:01:24 (2359 turns).

Arctor the Firebug (Deep Elf Fire Elementalist)     Turns: 2359, Time: 00:01:24

Health: 0/19       AC:  2    Str:  5    XL:     3   Next: 80%
Magic:  7/10       EV: 13    Int: 21    God:
Gold:   104        SH:  0    Dex: 15    Spells: 6/9 levels left

rFire   . . .        d - +2 rapier (venom)
rCold   . . .        (no shield)
rNeg    . . .        a - +0 robe
rPois   .            (no helmet)
rElec   .            (no cloak)
rCorr   .            (no gloves)
SInv    .            (no boots)
Will    .....        (no amulet)
Stlth   ++           (no ring)
HPRegen 0.23/turn    (no ring)
MPRegen 0.12/turn

%: no passive effects
@: no status effects
A: no striking features
a: no special abilities


You were on level 3 of the Dungeon.
You visited 1 branch of the dungeon, and saw 4 of its levels.

You collected 104 gold pieces.

Inventory:

Hand Weapons
 d - a +2 rapier of venom (weapon)
Armour
 a - a +0 robe (worn)
Jewellery
 f - a ring of protection from fire
Scrolls
 c - a scroll of noise {unknown}
 e - a scroll of fear {unknown}
 g - a scroll of amnesia {unknown}
 i - a scroll of identify {unknown}
 j - 2 scrolls of enchant weapon {unknown}
 k - 2 scrolls of enchant armour {unknown}
 l - a scroll of blinking {unknown}
 m - a scroll of vulnerability {unknown}
 n - 5 scrolls of fog {unknown}
Potions
 b - a potion of magic


   Skills:
 + Level 3.1 Dodging
 + Level 3.2 Stealth
 + Level 3.6 Spellcasting
 + Level 2.0 Conjurations
 + Level 3.8 Fire Magic


You had 6 spell levels left.
You knew the following spells:

 Your Spells              Type           Power      Damage    Failure   Level
a - Foxfire               Conj/Fire      64%        2x1d7     3%          1
b - Scorch                Fire           38%        2d6       4%          2

Your spell library contained the following spells:

 Spells                   Type           Power      Damage    Failure   Level
 Magic Dart               Conj           48%        1d5       5%          1
 Sandblast                Erth           6%         2d5       13%         1
 Inner Flame              Hex/Fire       11%        N/A       17%         3
 Volatile Blastmotes      Fire/Tloc      22%        2d11      17%         3
 Blink                    Tloc           6%         N/A       19%         2
 Call Imp                 Summ           6%         N/A       19%         2
 Stone Arrow              Conj/Erth      16%        3d8       26%         3
 Passwall                 Erth           3%         N/A       36%         3
 Flame Wave               Conj/Fire      16%        2d7       36%         4
 Brom's Barrelling Bould  Conj/Erth      8%         2d3       63%         4


Dungeon Overview and Level Annotations

Branches:
Dungeon (4/15)
 Temple: D:4-7

Altars:
Ru

Annotations:
D:3 1 transporter, Sigmund; monsoonserge's ghost, amateur SpMo


Message History

You see here a beast talisman.
Sigmund the Dreaded comes into view.
He is wielding a +0 scythe.
Sigmund is nearby!
You conjure some foxfire!
Sigmund gestures wildly while chanting.
Sigmund flickers and vanishes!
Deactivating autopickup; reactivate with Ctrl-A.
There is a strange disturbance nearby!
You conjure some foxfire!
The foxfire hits something but does no damage.
The foxfire hits something.
You hear some strange, mumbled words.
You are confused.
You're too confused to cast spells.
You're too confused to cast spells.
You're too confused to cast spells.
You're too confused to cast spells.
You are too confused!
You are too confused!
Your foxfire dissipates!
Something completely misses you.
You're too confused to cast spells.
You're too confused to cast spells.
Sorry, you're not good enough to have a special ability.
You are too confused!
You're too confused to move!
Something hits you!
You barely miss something. Something hits you.
* * * LOW HITPOINT WARNING * * *
It was a potion of curing.
You feel better.
Casting: Foxfire (safe; 3% risk of failure)
Confirm with . or Enter, or press ? or * to list all spells.
You conjure some foxfire!
Something hits you.
Casting: Foxfire (safe; 3% risk of failure)
Confirm with . or Enter, or press ? or * to list all spells.
You can't see any susceptible monsters within range! (Use Z to cast anyway.)
Casting: Foxfire (safe; 3% risk of failure)
Confirm with . or Enter, or press ? or * to list all spells.
You conjure some foxfire!
The foxfire hits something.
Something hits you!
You die...

# #. #### # .# ....
#. .. # #.##.##
######### # #......
..........## #....#
#....# ..# #...{#
#....# ..# #..v@#
#....# ...
#..vv#####....# #.#
#.....%.('....# #.#
##########..ยง.####.#
#...........#
###.#####.###.#
#.....# #.###.#+
#.....# #.##....
###.....# #.##....


There were no monsters in sight!

Vanquished Creatures
  An adder (D:4)
  A ribbon worm (D:2)
  4 orcs (D:2)
  2 bats (D:1)
  3 endoplasms
  3 giant cockroaches
  6 goblins
  5 hobgoblins
  5 kobolds
  A quokka (D:2)
  2 ball pythons
  A frilled lizard (D:1)
  5 rats
39 creatures vanquished.

Vanquished Creatures (others)
  136 foxfires
136 creatures vanquished.

Grand Total: 175 creatures vanquished

Notes
Turn   | Place    | Note
-------+----------+-------------------------------------------
     0 | D:1      | Arctor the Deep Elf Fire Elementalist began the quest for
                  | the Orb.
     0 | D:1      | Reached XP level 1. HP: 10/10 MP: 6/6
   483 | D:1      | Reached XP level 2. HP: 15/15 MP: 8/8
   486 | D:1      | Learned a level 2 spell: Scorch
  1054 | D:2      | Reached XP level 3. HP: 19/19 MP: 6/9
  1076 | D:2      | Found a sacrificial altar of Ru.
  1566 | D:2      | Found a faded altar of an unknown god.
  1844 | D:2      | You fall into a shaft and drop 2 floors!
  2183 | D:3      | Noticed monsoonserge's ghost (amateur SpMo)
  2185 | D:3      | Identified the +1 great mace "Teniedi" {flame, *Corrode
                  | ^Fragile rF+ rN+++}
  2185 | D:3      | Noticed an ogre
  2201 | D:3      | Found a transporter.
  2348 | D:3      | Noticed Sigmund
  2359 | D:3      | Slain by Sigmund

Illustrated notes

Levels and vault maps discovered:
D:1:      dreamdust_arrival_beginning_and_end, layout_basic
D:2:      layout_loops_ring, basic_altar,
          hellmonk_ecumenical_altar_defaced_shrine
D:3:      layout_basic, mainiacjoe_overflow_alcove_1, serial_shops, shop,
          gammafunk_ghost_smash, uniq_ijyb, uniq_sigmund
D:4:      layout_rooms, mainiacjoe_overflow_surrounded_room,
          mainiacjoe_overflow_chevrons

Skill      XL: |  1  2  3 |
---------------+----------+-----
Stealth        | 3 |  3.2
Dodging        | 3 |  3.1
Conjurations   | 2 |  2.0
Spellcasting   | |  3.6
Fire Magic     | |  3.8

Action                     || total
---------------------------++-------
  Melee: Rapier            ||    41
   Cast: Foxfire           ||    91
         Scorch            ||     4
    Use: Potion            ||     1
   Stab: Sleeping          ||     5
 Armour: Robe              ||    19
  Dodge: Dodged            ||    30
